MLB
SAN DIEGO PADRES @ LOS ANGELES ANGELS
08/31/2098
 
TOP OF THE 1ST
San Diego Padres batting - Pitching for Los Angeles Angels : LHP Mike Fife
Pitching: LHP Mike Fife
Batting: RHB Alfredo Beltran 0-0: Called Strike
0-1: Ball
1-1: Swinging Strike
1-2: Fly out, F9 (Flyball, 9D, EV 92.5 MPH)
Batting: RHB Maxwell Judson 0-0: Ball
1-0: Ball
2-0: Ball
3-0: Base on Balls
Batting: RHB Chris Santos 0-0: Called Strike
0-1: Grounds into double play, 6-4-3 (Groundball, 6M, EV 100.6 MPH)
Top of the 1st over - 0 runs, 0 hits, 0 errors, 0 left on base; San Diego 0 - Los Angeles 0
BOTTOM OF THE 1ST
Los Angeles Angels batting - Pitching for San Diego Padres : RHP Jamal Grasty
Pitching: RHP Jamal Grasty
Batting: RHB Tom Aitken 0-0: Ball
1-0: Called Strike
1-1: Swinging Strike
1-2: Foul Ball, location: 5F
1-2: Fly out, F8 (Flyball, 8RD, EV 78.8 MPH)
Batting: LHB Justin Manns 0-0: Foul Ball, location: 2F
0-1: Fly out, F8 (Flyball, 8LM, EV 93.8 MPH)
Batting: RHB Edgar Pirir 0-0: Foul Ball, location: 9LSF
0-1: Foul Ball, location: 9LSF
0-2: Foul Ball, location: 9LDF
0-2: Ball
1-2: DOUBLE (Line Drive, 78M, EV 96.9 MPH)
Batting: LHB Trevor Martz 0-0: Called Strike
0-1: Ball
1-1: Foul Ball, location: 5FF
1-2: Strikes out swinging
Bottom of the 1st over - 0 runs, 1 hit, 0 errors, 1 left on base; San Diego 0 - Los Angeles 0
TOP OF THE 2ND
San Diego Padres batting - Pitching for Los Angeles Angels : LHP Mike Fife
Batting: RHB Jose Barillas 0-0: Ball
1-0: Foul Ball, location: 2F
1-1: SOLO HOME RUN (Flyball, 9D, EV 91.9 MPH), Distance : 365 ft
Batting: RHB Tony Woody 0-0: Ball
1-0: Foul Ball, location: 2F
1-1: Called Strike
1-2: Hit by Pitch
Batting: LHB Joel Sherlock 0-0: Ball
1-0: Bunt missed!
1-1: Bunted foul
1-2: Ball
2-2: Ball
3-2: Foul Ball, location: 2F
3-2: Strikes out swinging
Batting: RHB Colby Krant 0-0: Ball
1-0: Called Strike
1-1: Swinging Strike
1-2: Ball
2-2: Ball
3-2: Foul Ball, location: 2RF
3-2: Strikes out swinging
Batting: RHB Bill Carlisle 0-0: Swinging Strike
0-1: Ball
1-1: Ball
2-1: Called Strike
2-2: Ball
3-2: SINGLE (Groundball, 6, EV 89.4 MPH)
Tony Woody to second
Tony Woody to third
Batting: RHB Avery Thomas 0-0: Ball
1-0: Ball
2-0: Foul Ball, location: 9LDF
2-1: Ground out 6-3 (Groundball, 6M, EV 88.8 MPH)
Top of the 2nd over - 1 run, 2 hits, 0 errors, 2 left on base; San Diego 1 - Los Angeles 0
BOTTOM OF THE 2ND
Los Angeles Angels batting - Pitching for San Diego Padres : RHP Jamal Grasty
Batting: RHB Nick Kirks 0-0: Called Strike
0-1: Ball
1-1: Ball
2-1: Foul Ball, location: 2F
2-2: Ball
3-2: Foul Ball, location: 3F
3-2: Foul Ball, location: 25F
3-2: Ground out U3 (Groundball, 3S, EV 90.6 MPH)
Batting: RHB David Whitehead 0-0: Called Strike
0-1: Called Strike
0-2: Ball
1-2: Fly out, F5 (Popup, 5F, EV 66.3 MPH)
Batting: LHB Ramon Bermudez 0-0: Called Strike
0-1: Ball
1-1: Fly out, F8 (Flyball, 78XD, EV 111.3 MPH)
Bottom of the 2nd over - 0 runs, 0 hits, 0 errors, 0 left on base; San Diego 1 - Los Angeles 0
TOP OF THE 3RD
San Diego Padres batting - Pitching for Los Angeles Angels : LHP Mike Fife
Batting: RHB Alfredo Beltran 0-0: Called Strike
0-1: Ball
1-1: Ground out 6-3 (Groundball, 6, EV 84.4 MPH)
Batting: RHB Maxwell Judson 0-0: Called Strike
0-1: Ball
1-1: Foul Ball, location: 9LSF
1-2: Ball
2-2: Foul Ball, location: 2F
2-2: SOLO HOME RUN (Flyball, 7LD, EV 96.3 MPH), Distance : 344 ft
Batting: RHB Chris Santos 0-0: Ball
1-0: Foul Ball, location: 2F
1-1: Swinging Strike
1-2: Ball
2-2: Foul Ball, location: 3FF
2-2: Ball
3-2: Fly out, F8 (Flyball, 8LD, EV 88.8 MPH)
Batting: RHB Jose Barillas 0-0: Called Strike
0-1: Foul Ball, location: 2F
0-2: Ball
1-2: Foul Ball, location: 2F
1-2: Ball
2-2: Ball
3-2: Fly out, F7 (Line Drive, 8LM, EV 97.5 MPH)
Top of the 3rd over - 1 run, 1 hit, 0 errors, 0 left on base; San Diego 2 - Los Angeles 0
BOTTOM OF THE 3RD
Los Angeles Angels batting - Pitching for San Diego Padres : RHP Jamal Grasty
Batting: RHB Tim Williams 0-0: Ball
1-0: Called Strike
1-1: Ball
2-1: Ball
3-1: DOUBLE (Line Drive, 9LM, EV 111.3 MPH)
Batting: RHB Dennis Jackson 0-0: Foul Ball, location: 2F
0-1: Ball
1-1: Ground out 3-1 (Groundball, 34, EV 83.8 MPH)
Tim Williams to third
Pitching: LHP Bryant Miller
Batting: RHB Tom Aitken 0-0: Ball
1-0: Foul Ball, location: 9LDF
1-1: Swinging Strike
1-2: Fly out, F9 (Flyball, 9, EV 91.3 MPH)
Runner from 3rd tags up, SCORES, throw by RF
Batting: LHB Justin Manns 0-0: Ball
1-0: Ball
2-0: Fly out, F6 (Flyball, 56D, EV 83.8 MPH)
Bottom of the 3rd over - 1 run, 1 hit, 0 errors, 0 left on base; San Diego 2 - Los Angeles 1
TOP OF THE 4TH
San Diego Padres batting - Pitching for Los Angeles Angels : LHP Mike Fife
Batting: RHB Tony Woody 0-0: Called Strike
0-1: Swinging Strike
0-2: Strikes out swinging
Batting: LHB Joel Sherlock 0-0: Foul Ball, location: 2F
0-1: Swinging Strike
0-2: Foul Ball, location: 2F
0-2: Strikes out swinging
Batting: RHB Colby Krant 0-0: Ball
1-0: Foul Ball, location: 5FF
1-1: Swinging Strike
1-2: Ball
2-2: Strikes out looking
Top of the 4th over - 0 runs, 0 hits, 0 errors, 0 left on base; San Diego 2 - Los Angeles 1
BOTTOM OF THE 4TH
Los Angeles Angels batting - Pitching for San Diego Padres : LHP Bryant Miller
Batting: RHB Edgar Pirir 0-0: Ball
1-0: Foul Ball, location: 3F
1-1: Ball
2-1: Fly out, F8 (Flyball, 8LD, EV 103.8 MPH)
Batting: LHB Trevor Martz 0-0: Called Strike
0-1: Foul Ball, location: 3F
0-2: Ball
1-2: Ball
2-2: Foul Ball, location: 7LMF
2-2: SINGLE (Groundball, 6MD, EV 104.4 MPH)
Batting: RHB Nick Kirks 0-0: Ball
1-0: Foul Ball, location: 2F
1-1: Ball
2-1: Fly out, F4 (Popup, 34, EV 70.0 MPH)
Batting: RHB David Whitehead 0-0: Foul Ball, location: 2RF
0-1: Foul Ball, location: 2LF
0-2: Strikes out swinging
Bottom of the 4th over - 0 runs, 1 hit, 0 errors, 1 left on base; San Diego 2 - Los Angeles 1
TOP OF THE 5TH
San Diego Padres batting - Pitching for Los Angeles Angels : LHP Mike Fife
Batting: RHB Bill Carlisle 0-0: Called Strike
0-1: Ball
1-1: Ball
2-1: Ball
3-1: Foul Ball, location: 5FF
3-2: Strikes out swinging
Batting: RHB Avery Thomas 0-0: Ball
1-0: Ball
2-0: Fly out, F9 (Flyball, 9, EV 86.3 MPH)
Batting: RHB Alfredo Beltran 0-0: Ball
1-0: Ball
2-0: Ball
3-0: Called Strike
3-1: Called Strike
3-2: Fly out, F9 (Flyball, 9D, EV 87.5 MPH)
Top of the 5th over - 0 runs, 0 hits, 0 errors, 0 left on base; San Diego 2 - Los Angeles 1
BOTTOM OF THE 5TH
Los Angeles Angels batting - Pitching for San Diego Padres : LHP Bryant Miller
Batting: LHB Ramon Bermudez 0-0: SOLO HOME RUN (Flyball, 7D, EV 96.3 MPH), Distance : 365 ft
Batting: RHB Tim Williams 0-0: Ball
1-0: Ball
2-0: Ball
3-0: Base on Balls
Batting: RHB Dennis Jackson 0-0: Bunt missed!
0-1: Sac Bunt to 13 - play at first, batter OUT! 1-4
Tim Williams to second
Pitching: LHP Robert Bartos
Batting: RHB Tom Aitken 0-0: Ball
1-0: Ball
2-0: Foul Ball, location: 9LMF
2-1: Foul Ball, location: 9LMF
2-2: Strikes out looking
Batting: LHB Justin Manns 0-0: Ball
1-0: Swinging Strike
1-1: Called Strike
1-2: Ball
2-2: Strikes out swinging
Bottom of the 5th over - 1 run, 1 hit, 0 errors, 1 left on base; San Diego 2 - Los Angeles 2
TOP OF THE 6TH
San Diego Padres batting - Pitching for Los Angeles Angels : LHP Mike Fife
Pitching: LHP Zach Tymon
Batting: RHB Maxwell Judson 0-0: Called Strike
0-1: Ball
1-1: Fly out, F7 (Flyball, 7, EV 84.4 MPH)
Batting: RHB Chris Santos 0-0: Ball
1-0: Foul Ball, location: 3FF
1-1: Ball
2-1: SINGLE (Popup, 4MD, EV 63.1 MPH)
Batting: RHB Jose Barillas 0-0: SINGLE (Line Drive, 4MD, EV 108.1 MPH)
Chris Santos to second
Batting: RHB Tony Woody 0-0: Ball
1-0: 3-RUN HOME RUN (Flyball, 7LD, EV 96.9 MPH), Distance : 339 ft
Pitching: RHP Chris Kirby
Batting: LHB Joel Sherlock 0-0: Called Strike
0-1: Foul Ball, location: 2F
0-2: Ball
1-2: Foul Ball, location: 2F
1-2: SOLO HOME RUN (Flyball, 89XD, EV 108.1 MPH), Distance : 454 ft
Batting: RHB Colby Krant 0-0: Ball
1-0: Called Strike
1-1: Foul Ball, location: 2F
1-2: Hit by Pitch
Batting: RHB Bill Carlisle 0-0: Ball
1-0: Swinging Strike
1-1: Ball
2-1: SINGLE (Line Drive, 89S, EV 108.8 MPH)
Colby Krant to second
Batting: RHB Avery Thomas 0-0: Ball
1-0: Ball
2-0: Called Strike
2-1: Ball
3-1: Base on Balls
Colby Krant to third
Bill Carlisle to second
Batting: RHB Alfredo Beltran 0-0: Called Strike
0-1: Ball
1-1: Ball
2-1: Foul Ball, location: 2F
2-2: Grounds into fielders choice 6-2 (Groundball, 6M, EV 98.8 MPH)
Bill Carlisle to third
Avery Thomas to second
Batting: RHB Maxwell Judson 0-0: Foul Ball, location: 5FF
0-1: Fly out, F2 (Popup, 5SF, EV 89.4 MPH)
Top of the 6th over - 4 runs, 5 hits, 0 errors, 3 left on base; San Diego 6 - Los Angeles 2
BOTTOM OF THE 6TH
Los Angeles Angels batting - Pitching for San Diego Padres : LHP Robert Bartos
Batting: RHB Edgar Pirir 0-0: Ball
1-0: Fly out, F4 (Popup, 4S, EV 83.1 MPH)
Batting: LHB Trevor Martz 0-0: Ball
1-0: Called Strike
1-1: Foul Ball, location: 7LSF
1-2: DOUBLE (Groundball, 5L, EV 101.9 MPH)
Batting: RHB Nick Kirks 0-0: Ball
1-0: Ground out 5-3 (Groundball, 56, EV 80.6 MPH)
Batting: RHB David Whitehead 0-0: Ball
1-0: Foul Ball, location: 9LSF
1-1: Called Strike
1-2: DOUBLE (Line Drive, 9LS, EV 106.9 MPH)
Trevor Martz scores
Pitching: LHP Jorge Espino
Batting: LHB Ramon Bermudez 0-0: Ball
1-0: Ball
2-0: Ball
3-0: Called Strike
3-1: Ground out 1-3 (Groundball, 13S, EV 68.1 MPH)
Bottom of the 6th over - 1 run, 2 hits, 0 errors, 1 left on base; San Diego 6 - Los Angeles 3
TOP OF THE 7TH
San Diego Padres batting - Pitching for Los Angeles Angels : RHP Chris Kirby
Batting: RHB Chris Santos 0-0: Called Strike
0-1: Ball
1-1: Ball
2-1: Foul Ball, location: 9LSF
2-2: Foul Ball, location: 3DF
2-2: Foul Ball, location: 2F
2-2: Ball
3-2: Fly out, F7 (Flyball, 7, EV 89.4 MPH)
Batting: RHB Jose Barillas 0-0: Ground out 6-3 (Groundball, 6S, EV 91.3 MPH)
Batting: RHB Tony Woody 0-0: Ball
1-0: Ball
2-0: Ball
3-0: Called Strike
3-1: Base on Balls
Pitching: RHP Darius Boatner
Batting: LHB Joel Sherlock 0-0: Ball
1-0: Called Strike
1-1: Ground out 2-3 (Groundball, 2R, EV 67.5 MPH)
Top of the 7th over - 0 runs, 0 hits, 0 errors, 1 left on base; San Diego 6 - Los Angeles 3
BOTTOM OF THE 7TH
Los Angeles Angels batting - Pitching for San Diego Padres : LHP Jorge Espino
Pitching: LHP Seth Oltmans
Batting: RHB Tim Williams 0-0: Ball
1-0: Ball
2-0: Ground out 6-3 (Groundball, 6, EV 106.9 MPH)
Batting: RHB Dennis Jackson 0-0: Ball
1-0: Ball
2-0: Ground out 4-3 (Groundball, 4, EV 105.6 MPH)
Batting: RHB Tom Aitken 0-0: Called Strike
0-1: Foul Ball, location: 7LMF
0-2: Ball
1-2: Ball
2-2: Foul Ball, location: 2F
2-2: Ball
3-2: Base on Balls
Batting: LHB Justin Manns 0-0: Ground out U3 (Groundball, 3, EV 80.0 MPH)
Bottom of the 7th over - 0 runs, 0 hits, 0 errors, 1 left on base; San Diego 6 - Los Angeles 3
TOP OF THE 8TH
San Diego Padres batting - Pitching for Los Angeles Angels : RHP Darius Boatner
Batting: RHB Colby Krant 0-0: Ball
1-0: Foul Ball, location: 2F
1-1: Swinging Strike
1-2: SINGLE (Groundball, 34D, EV 96.9 MPH)
Batting: RHB Bill Carlisle 0-0: Ball
1-0: Foul Ball, location: 9LSF
1-1: Foul Ball, location: 2LF
1-2: Hit by Pitch
Colby Krant to second
Batting: RHB Avery Thomas 0-0: Grounds into double play, 4-6-3 (Groundball, 4S, EV 78.8 MPH)
Colby Krant to third
Batting: RHB Alfredo Beltran 0-0: Ball
1-0: Foul Ball, location: 2F
1-1: Foul Ball, location: 5DF
1-2: Ball
2-2: Fly out, F7 (Flyball, 78M, EV 100.6 MPH)
Top of the 8th over - 0 runs, 1 hit, 0 errors, 1 left on base; San Diego 6 - Los Angeles 3
BOTTOM OF THE 8TH
Los Angeles Angels batting - Pitching for San Diego Padres : LHP Seth Oltmans
Batting: RHB Edgar Pirir 0-0: Ball
1-0: Foul Ball, location: 9LDF
1-1: Swinging Strike
1-2: Ball
2-2: Strikes out looking
Batting: LHB Trevor Martz 0-0: Ball
1-0: Ball
2-0: Swinging Strike
2-1: Called Strike
2-2: Strikes out swinging
Batting: RHB Nick Kirks 0-0: Foul Ball, location: 5FF
0-1: Foul Ball, location: 5F
0-2: Ball
1-2: Ball
2-2: Ball
3-2: Base on Balls
Batting: RHB David Whitehead 0-0: Ball
1-0: Swinging Strike
1-1: Ball
2-1: Called Strike
2-2: Ball
3-2: Strikes out looking
Bottom of the 8th over - 0 runs, 0 hits, 0 errors, 1 left on base; San Diego 6 - Los Angeles 3
TOP OF THE 9TH
San Diego Padres batting - Pitching for Los Angeles Angels : RHP Darius Boatner
Batting: RHB Maxwell Judson 0-0: Ball
1-0: Called Strike
1-1: Foul Ball, location: 2F
1-2: Ball
2-2: Strikes out swinging
Batting: RHB Chris Santos 0-0: Ball
1-0: Fly out, F8 (Flyball, 8RM, EV 96.3 MPH)
Batting: RHB Jose Barillas 0-0: Called Strike
0-1: SOLO HOME RUN (Flyball, 7D, EV 99.4 MPH), Distance : 381 ft
Pitching: RHP Paul Pickel
Batting: RHB Tony Woody 0-0: Ground out 6-3 (Groundball, 6, EV 103.8 MPH)
Top of the 9th over - 1 run, 1 hit, 0 errors, 0 left on base; San Diego 7 - Los Angeles 3
BOTTOM OF THE 9TH
Los Angeles Angels batting - Pitching for San Diego Padres : LHP Seth Oltmans
Pitching: RHP John Elliott
Batting: LHB Ramon Bermudez 0-0: Called Strike
0-1: Ball
1-1: Called Strike
1-2: Ball
2-2: Foul Ball, location: 23FF
2-2: Ground out 4-3 (Groundball, 4, EV 103.8 MPH)
Pinch Hitting: LHB Matt Evans 0-0: Ball
1-0: Called Strike
1-1: Foul Ball, location: 23F
1-2: Ball
2-2: Ball
3-2: Foul Ball, location: 2F
3-2: Base on Balls
Pinch Hitting: LHB Matt Davis 0-0: Fielders Choice at 2nd, 4-6 (Groundball, 34D, EV 81.3 MPH)
Batting: RHB Tom Aitken 0-0: Ball
1-0: Foul Ball, location: 7LMFF
1-1: Swinging Strike
1-2: Ground out 5-3 (Groundball, 56S, EV 59.4 MPH)
Bottom of the 9th over - 0 runs, 0 hits, 0 errors, 1 left on base; San Diego 7 - Los Angeles 3
Sunday, April 14th , 2024 - OOTP Baseball 24.11 Build 85